 Dungeon Crawl Stone Soup version 0.32-a0-120-gfac0567ad4 (webtiles) character file.

Game seed: 907688148011872905

3 Ceno the Digger (level 1, -1/9 HPs)
             Began as a Vine Stalker Earth Elementalist on Feb 7, 2024.
             Slain by a quokka (4 damage)
             ... on level 1 of the Dungeon.
             The game lasted 00:01:14 (111 turns).

Ceno the Digger (Vine Stalker Earth Elementalist)    Turns: 111, Time: 00:01:15

Health: -1/9       AC:  2    Str: 10    XL:     1   Next: 50%
Magic:  0/4        EV: 12    Int: 15    God:
Gold:   0          SH:  0    Dex: 14    Spells: 3/4 levels left

rFire   . . .        d - +0 dagger
rCold   . . .        (no shield)
rNeg    . . .        a - +0 robe
rPois   .            (no helmet)
rElec   .            (no cloak)
rCorr   .            (no gloves)
SInv    .            (no boots)
Will    .....        (no amulet)
Stlth   ++           (no ring)
HPRegen 1.01/turn    (no ring)
MPRegen 0.09/turn

%: guardian spirit
@: no status effects
A: fangs 2, regeneration 1, magic shield, antimagic bite, no potion heal 2
a: no special abilities


You were on level 1 of the Dungeon.
You visited 1 branch of the dungeon, and saw 1 of its levels.

Inventory:

Hand Weapons
 d - a +0 dagger (weapon)
Missiles
 c - 8 stones
 e - 3 poisoned darts
Armour
 a - a +0 robe (worn)
Potions
 b - a potion of magic


   Skills:
 + Level 0.2 Fighting
 + Level 0.2 Short Blades
 - Level 1.5 Dodging
 + Level 2.5 Stealth
 + Level 2.2 Spellcasting
 - Level 1.0 Conjurations
 - Level 3.0 Earth Magic


You had 3 spell levels left.
You knew the following spells:

 Your Spells              Type           Power      Damage    Failure   Level
a - Sandblast             Erth           20%        2d7       6%          1

Your spell library contained the following spells:

 Spells                   Type           Power      Damage    Failure   Level
 Passwall                 Erth           10%        N/A       19%         3
 Stone Arrow              Conj/Erth      14%        3d7       28%         3
 Brom's Barrelling Bould  Conj/Erth      7%         2d3       67%         4
 Petrify                  Alch/Erth      6%         N/A       75%         4


Dungeon Overview and Level Annotations

Branches:
Dungeon (1/15)

Altars:


Innate Abilities, Weirdness & Mutations

You have extremely sharp teeth.
Your natural rate of healing is unusually fast.
When hurt, damage is shared between your health and your magic reserves.
Your bite disrupts and absorbs the magic of your enemies.
Potions cannot restore your health.


Message History

The quokka barely misses you.
You hit the quokka.
The quokka is severely wounded.
The quokka bites you. The frilled lizard closely misses you.
You closely miss the quokka.
The quokka is severely wounded.
The quokka bites you. The frilled lizard barely misses you.
You hit the quokka.
The quokka is almost dead.
The quokka bites you but does no damage.
The frilled lizard bites you.
You barely miss the quokka.
The quokka is almost dead.
The quokka bites you. The frilled lizard barely misses you.
The quokka bites you.
* * * LOW HITPOINT WARNING * * *
You are too injured to fight recklessly!
Casting: Sandblast (safe; 6% risk of failure)
Confirm with . or Enter, or press ? or * to list all spells.
Aiming: Sandblast (safe; 6% risk of failure)
Press: ? - help, Shift-Dir - straight line, f - quokka
Aim: a quokka (almost dead, 75% to hit)
The blast of sand misses the quokka.
The frilled lizard bites you but does no damage.
The quokka barely misses you.
Casting: Sandblast (safe; 6% risk of failure)
Confirm with . or Enter, or press ? or * to list all spells.
You don't have enough magic to cast this spell.
Unknown command.
You closely miss the quokka.
The quokka is almost dead.
The quokka bites you. The frilled lizard closely misses you.
The quokka bites you but does no damage.
You hit the quokka but do no damage.
The quokka is almost dead.
The frilled lizard closely misses you. The quokka closely misses you.
You hit the quokka but do no damage.
The quokka is almost dead.
The frilled lizard bites you. The quokka bites you.
You die...

#ß.....ß#
##.....## .#####
##.....## .....#
#ß.....ß# .....#
##.....##
####..(..#
##.....##
#........#
#ß.....ß#
#...$....#
##.....##
#........#
##.....##
#.@r..%..#g
#ß.....ß#
#..l.......
###.....###
###........
#.........#
#.....$..
###.....###
#......## ###.###
#......#
#†#########......#
#................#
####.............#


You could see a quokka and a frilled lizard.

Vanquished Creatures
  A hobgoblin (D:1)
  A kobold (D:1)
  A bat (D:1)
3 creatures vanquished.

Notes
Turn   | Place    | Note
-------+----------+-------------------------------------------
     0 | D:1      | Ceno the Vine Stalker Earth Elementalist began the quest
                  | for the Orb.
     0 | D:1      | Reached XP level 1. HP: 9/9 MP: 4/4
   111 | D:1      | Slain by a quokka

Illustrated notes

Levels and vault maps discovered:
D:1:      psy_arrival_heroes, layout_basic

Action                     || total
---------------------------++-------
  Melee: Dagger            ||     7
   Cast: Sandblast         ||     5
 Armour: Robe              ||    11
  Dodge: Dodged            ||    12

Table legend: (Time is in decaauts)
 A = Elapsed time spent in this place.
 B = Non-inter-level travel time spent in this place.
 C = Inter-level travel time spent in this place.
 D = Time resting spent in this place.
 E = Time spent auto-exploring this place.
 F = Levels seen in this place.
 G = Mean time per level.
                   A        B        C        D        E       F      G
               +--------+--------+--------+--------+--------+-----+--------+
         Total |    112 |    112 |      0 |      0 |     70 |   1 |  112.0 |
       Dungeon |    112 |    112 |      0 |      0 |     70 |   1 |  112.0 |
               +--------+--------+--------+--------+--------+-----+--------+

Top non-repeatable levels by time:
     D:1: 112 daAuts
